Bears vs Admirals
Created - January 7, 2024 at 19:33
Goals
|
| Bears |
1 |
0 |
0 |
1 |
| Admirals |
1 |
1 |
1 |
3 |
|
Shots
|
| Bears |
14 |
10 |
11 |
35 |
| Admirals |
13 |
9 |
17 |
39 |
|
1st period
1. Bears , Adam Lowry 4 (Austin Wuthrich 9, Jacob Bryson 10) at 7:22
2. Admirals , Hunter Shinkaruk 21 (Mark McNeill 15, Josh Norris 24) at 14:28 (PP)
Penalties :
Josh Norris (Mil) for Hooking (Minor) at 10:17, Nicolas Aube-Kubel (Her) for Hooking (Minor) at 14:26, Josh Norris (Mil) for Hooking (Minor) at 19:02
2nd period
3. Admirals , Hunter Shinkaruk 22 (Mattias Backman 13, Mark McNeill 16) at 3:10 (PP)
Penalties :
Kerby Rychel (Her) for Holding (Minor) at 3:03, Mark McNeill (Mil) for Interference (Minor) at 14:58
3rd period
4. Admirals , Riley Barber 13 (T.J Brodie 22) at 2:15
Penalties :
Barrett Hayton (Mil) for Slashing (Minor) at 8:57
Goalie Stats
Jake Allen (Her), 36 saves from 39 shots - (0.923), L, 19-10-0, 60:00 minutes
Tristan Jarry (Mil), 34 saves from 35 shots - (0.971), W, 6-5-3, 60:00 minutes
Players Stats for Bears
Player Name G A P +/- PIM S H SB GA TA FO MP PP MP PK MP
------------------------------------------------------------------------------------
A.J. Jenks 0 0 0 0 0 7 0 0 0 0 1/1 18:07 3:41 0:00
Adam Lowry 1 0 1 1 0 2 2 0 0 0 1/5 11:28 0:00 0:00
Austin Wuthrich 0 1 1 1 0 3 1 0 0 0 0/0 11:28 0:00 0:00
Christian Dvorak 0 0 0 0 0 1 2 1 0 1 13/32 20:42 4:15 0:09
Colby Cave 0 0 0 0 0 0 0 0 0 0 0/0 0:25 0:00 0:00
Cole Smith 0 0 0 1 0 1 0 1 1 0 0/2 11:38 0:00 0:07
Emil Johansson 0 0 0 0 0 0 0 3 1 1 0/0 14:33 0:00 0:00
Gianluca Curcuruto 0 0 0 1 0 3 1 1 0 0 0/0 19:02 3:30 0:00
Jacob Bryson 0 1 1 0 0 0 2 0 0 1 0/0 14:33 0:00 0:00
Joshua Leivo 0 0 0 0 0 3 3 0 0 0 0/0 18:15 3:41 0:00
Kerby Rychel 0 0 0 0 2 2 1 0 1 0 3/4 20:24 4:08 0:02
Logan O'Connor 0 0 0 -1 0 0 0 0 1 0 0/0 9:24 0:00 0:00
Michael Prapavessis 0 0 0 1 0 0 1 0 0 1 0/0 19:02 3:30 0:00
Mikko Vainonen 0 0 0 -1 0 2 2 2 0 0 0/0 26:25 4:26 0:09
Nicholas Caamano 0 0 0 0 0 0 0 0 0 0 0/0 0:34 0:07 0:00
Nicolas Aube-Kubel 0 0 0 0 2 3 1 1 0 1 1/3 20:29 4:15 0:00
Nikolay Prokhorkin 0 0 0 -1 0 1 0 1 0 0 0/0 9:24 0:00 0:00
Sam Carrick 0 0 0 0 0 2 2 0 1 0 7/12 18:07 3:41 0:00
Tommy Vannelli 0 0 0 -1 0 3 0 0 1 0 0/0 26:25 4:26 0:09
Vincent Dunn 0 0 0 -1 0 2 1 0 0 1 2/3 9:24 0:00 0:00
Players Stats for Admirals
Player Name G A P +/- PIM S H SB GA TA FO MP PP MP PK MP
------------------------------------------------------------------------------------
Barrett Hayton 0 0 0 0 2 5 1 0 0 0 4/6 13:06 0:00 0:00
Carl Dahlstrom 0 0 0 0 0 1 0 1 0 0 0/0 11:16 0:00 0:00
Drew O'Connor 0 0 0 1 0 1 2 0 0 0 0/0 9:48 0:00 0:31
Gerald Mayhew 0 0 0 -1 0 3 1 1 1 0 1/1 17:26 0:00 2:57
Grant Hutton 0 0 0 -1 0 0 0 1 0 0 0/0 6:41 0:00 0:00
Hunter Shinkaruk 2 0 2 0 0 7 4 0 1 1 1/1 19:02 0:09 1:31
Josh Norris 0 1 1 0 4 1 1 0 0 0 16/28 18:51 0:09 1:12
Josh Wesley 0 0 0 -1 0 0 0 2 0 1 0/0 6:41 0:00 0:00
Kasper Bjorkqvist 0 0 0 0 0 4 0 1 0 1 0/0 10:12 0:00 0:00
Lucas Wallmark 0 0 0 -1 0 3 3 3 0 0 8/19 18:58 0:00 4:21
Mark McNeill 0 2 2 0 2 2 3 0 1 1 1/2 20:21 0:09 3:23
Mattias Backman 0 1 1 0 0 2 1 1 1 1 0/0 24:18 0:09 5:22
Milos Kelemen 0 0 0 0 0 1 0 0 0 0 0/1 10:55 0:00 0:00
Olli Juolevi 0 0 0 1 0 1 0 2 2 1 0/0 18:02 0:00 2:34
Pavol Regenda 0 0 0 -1 0 0 0 0 0 0 0/0 13:32 0:00 0:00
Reilly Walsh 0 0 0 0 0 1 0 2 0 0 0/0 24:18 0:09 5:22
Riley Barber 1 0 1 1 0 2 1 1 0 0 0/0 10:54 0:00 1:57
Ruslan Iskhakov 0 0 0 1 0 0 1 0 0 0 3/4 8:38 0:00 0:00
Sean Durzi 0 0 0 0 0 0 0 0 0 0 0/0 10:59 0:00 0:00
T.J Brodie 0 1 1 1 0 5 0 1 0 0 0/0 18:02 0:00 2:34
3 Stars
1 - Tristan Jarry (Mil)
2 - Hunter Shinkaruk (Mil)
3 - Riley Barber (Mil)
Power Play
Bears - 0 on 4 Attempt(s) - 0.00%
Admirals - 2 on 2 Attempt(s) - 100.00%
Penalty Kill
Bears - 0 on 2 Attempt(s) - 0.00%
- Score 0 goal in Penalty Kill
Admirals - 4 on 4 Attempt(s) - 100.00%
- Score 0 goal in Penalty Kill
Team Stat
Bears - Hits : 19 - Faceoff Wins : 28 - Blocked Shots : 10 - Penalty Minutes : 4
Admirals - Hits : 18 - Faceoff Wins : 34 - Blocked Shots : 16 - Penalty Minutes : 8
Official
Referees : Brandon Blandina and Justin St. Pierre
Linesman : Kyle Flemington and Matt MacPherson
Game Notes
No Game Note
Finance
Level 1 -- Attendance: 1729 (86.45%) -- Ticket Income $121,030
Level 2 -- Attendance: 1000 (100.00%) -- Ticket Income $40,000
Total Attendance: 2729 (90.97%)
Total Ticket Income: $161,030
Other Income: $8,052
Total Income: $169,082
Bears
5 vs 5 Forward
Center Left Wing Right Wing Time % Phy DF OF
1 Christian Dvorak Kerby Rychel Nicolas Aube-Kubel 40 1 2 2
2 Sam Carrick A.J. Jenks Joshua Leivo 30 1 2 2
3 Adam Lowry Cole Smith Austin Wuthrich 20 1 2 2
4 Vincent Dunn Nikolay Prokhorkin Logan O'Connor 10 1 2 2
5 vs 5 Defense
Defense Defense Time % Phy DF OF
1 Mikko Vainonen Tommy Vannelli 40 1 2 2
2 Gianluca Curcuruto Michael Prapavessis 30 1 2 2
3 Jacob Bryson Emil Johansson 20 1 2 2
4 Mikko Vainonen Tommy Vannelli 10 1 2 2
PowerPlay Forward
Center Left Wing Right Wing Time % Phy DF OF
1 Christian Dvorak Kerby Rychel Nicolas Aube-Kubel 60 1 2 2
2 Sam Carrick A.J. Jenks Joshua Leivo 40 1 2 2
PowerPlay Defense
Defense Defense Time % Phy DF OF
1 Mikko Vainonen Tommy Vannelli 60 1 2 2
2 Gianluca Curcuruto Michael Prapavessis 40 1 2 2
Penalty Kill 4 Players Forward
Center Wing Time % Phy DF OF
1 Kerby Rychel Christian Dvorak 60 1 2 2
2 Nicolas Aube-Kubel Sam Carrick 40 1 2 2
Penalty Kill 4 Players Defense
Defense Defense Time % Phy DF OF
1 Mikko Vainonen Tommy Vannelli 60 1 2 2
2 Gianluca Curcuruto Michael Prapavessis 40 1 2 2
Penalty Kill - 3 Players Forward
Forward Time % Phy DF OF
1 Kerby Rychel 60 1 2 2
2 Christian Dvorak 40 1 2 2
Penalty Kill - 3 Players Defense
Defense Defense Time % Phy DF OF
1 Mikko Vainonen Tommy Vannelli 60 1 2 2
2 Gianluca Curcuruto Michael Prapavessis 40 1 2 2
4 vs 4 Forward
Center Wing Time % Phy DF OF
1 Kerby Rychel Christian Dvorak 60 1 2 2
2 Nicolas Aube-Kubel Sam Carrick 40 1 2 2
4 vs 4 Defense
Defense Defense Time % Phy DF OF
1 Mikko Vainonen Tommy Vannelli 60 1 2 2
2 Gianluca Curcuruto Michael Prapavessis 40 1 2 2
Last Minutes Offensive
Center Left Wing Right Wing Defense Defense
Christian Dvorak Kerby Rychel Nicolas Aube-Kubel Mikko Vainonen Tommy Vannelli
Last Minutes Defensive
Center Left Wing Right Wing Defense Defense
Christian Dvorak Kerby Rychel Nicolas Aube-Kubel Mikko Vainonen Tommy Vannelli
Goaltenders
Starting : Jake Allen
Backup : Artyom Zagidulin
Extra Forwards
Normal : Nicholas Caamano, Colby Cave, Cole Smith - PP : Nicholas Caamano, Colby Cave - PK : Cole Smith
Extra Defensemen
Normal : Jacob Bryson, Emil Johansson, Gianluca Curcuruto - PP : Jacob Bryson - PK : Emil Johansson, Gianluca Curcuruto
Penalty Shots
Kerby Rychel, Christian Dvorak, Nicolas Aube-Kubel, Sam Carrick, Joshua Leivo
Custom OT Lines Forwards
Kerby Rychel, Christian Dvorak, Nicolas Aube-Kubel, Sam Carrick, Joshua Leivo, A.J. Jenks, Cole Smith, Austin Wuthrich, Logan O'Connor, Adam Lowry
Custom OT Lines Defensemen
Mikko Vainonen, Tommy Vannelli, Gianluca Curcuruto, Michael Prapavessis, Jacob Bryson
Scratches
Blake Speers (Healthy), Jesper Pettersson (Healthy), David Farrance (Healthy), Mackenze Stewart (Healthy), Zack Hayes (Healthy)
Mario Ferraro (Healthy), Will Reilly (Healthy), Kristians Rubins (Healthy), Ryan Graves (Facial Surgery Injury), Isaac Ratcliffe (Healthy)
Jakob Stenqvist (Healthy), Arvid Henrikson (Healthy), Kirill Maksimov (Healthy)
Admirals
5 vs 5 Forward
Center Left Wing Right Wing Time % Phy DF OF
1 Josh Norris Hunter Shinkaruk Mark McNeill 40 1 2 2
2 Lucas Wallmark Pavol Regenda Gerald Mayhew 30 1 2 2
3 Barrett Hayton Milos Kelemen Kasper Bjorkqvist 20 1 2 2
4 Ruslan Iskhakov Drew O'Connor Riley Barber 10 1 2 2
5 vs 5 Defense
Defense Defense Time % Phy DF OF
1 Reilly Walsh Mattias Backman 40 1 2 2
2 T.J Brodie Olli Juolevi 30 1 2 2
3 Carl Dahlstrom Sean Durzi 20 1 2 2
4 Grant Hutton Josh Wesley 10 1 2 2
PowerPlay Forward
Center Left Wing Right Wing Time % Phy DF OF
1 Josh Norris Hunter Shinkaruk Mark McNeill 60 1 2 2
2 Lucas Wallmark Pavol Regenda Gerald Mayhew 40 1 2 2
PowerPlay Defense
Defense Defense Time % Phy DF OF
1 Reilly Walsh Mattias Backman 60 1 2 2
2 T.J Brodie Olli Juolevi 40 1 2 2
Penalty Kill 4 Players Forward
Center Wing Time % Phy DF OF
1 Lucas Wallmark Mark McNeill 60 1 2 2
2 Gerald Mayhew Riley Barber 40 1 2 2
Penalty Kill 4 Players Defense
Defense Defense Time % Phy DF OF
1 Reilly Walsh Mattias Backman 60 1 2 2
2 T.J Brodie Olli Juolevi 40 1 2 2
Penalty Kill - 3 Players Forward
Forward Time % Phy DF OF
1 Mark McNeill 60 1 2 2
2 Lucas Wallmark 40 1 2 2
Penalty Kill - 3 Players Defense
Defense Defense Time % Phy DF OF
1 Reilly Walsh Mattias Backman 60 1 2 2
2 T.J Brodie Olli Juolevi 40 1 2 2
4 vs 4 Forward
Center Wing Time % Phy DF OF
1 Josh Norris Mark McNeill 60 1 2 2
2 Lucas Wallmark Hunter Shinkaruk 40 1 2 2
4 vs 4 Defense
Defense Defense Time % Phy DF OF
1 Reilly Walsh Mattias Backman 60 1 2 2
2 T.J Brodie Olli Juolevi 40 1 2 2
Last Minutes Offensive
Center Left Wing Right Wing Defense Defense
Josh Norris Hunter Shinkaruk Mark McNeill T.J Brodie Mattias Backman
Last Minutes Defensive
Center Left Wing Right Wing Defense Defense
Lucas Wallmark Hunter Shinkaruk Mark McNeill T.J Brodie Mattias Backman
Goaltenders
Starting : Tristan Jarry
Backup : Linus Ullmark
Extra Forwards
Normal : Hunter Shinkaruk, Pavol Regenda, Lucas Wallmark - PP : Pavol Regenda, Milos Kelemen - PK : Gerald Mayhew
Extra Defensemen
Normal : T.J Brodie, Olli Juolevi, Sean Durzi - PP : Sean Durzi - PK : Sean Durzi, Carl Dahlstrom
Penalty Shots
Josh Norris, Mark McNeill, Lucas Wallmark, Hunter Shinkaruk, Kasper Bjorkqvist
Custom OT Lines Forwards
Josh Norris, Mark McNeill, Lucas Wallmark, Hunter Shinkaruk, Kasper Bjorkqvist, Riley Barber, Gerald Mayhew, Milos Kelemen, Barrett Hayton, Pavol Regenda
Custom OT Lines Defensemen
T.J Brodie, Mattias Backman, Reilly Walsh, Olli Juolevi, Sean Durzi
Scratches
Anton Gustafsson (Suspend), Bokondji Imama (Healthy), Christian Djoos (Healthy), Joni Ikonen (Healthy), Filip Chlapik (Healthy)
Ian Mitchell (Strained Right Knee Injury), Nolan Vesey (Healthy), Kristian Vesalainen (Healthy), Ryan Olsen (Healthy), Sergei Zborovskiy (Healthy)
Troy Bourke (Healthy), Carsen Twarynski (Healthy), Libor Hajek (Healthy)
% Time on Ice - Bears
Lines # - Real PCT - Wanted PCT - Time Play
Normal Forward
1 - 32% - 40% - 16:29
2 - 28% - 30% - 14:34
3 - 22% - 20% - 11:28
4 - 18% - 10% - 9:24
Normal Defense
1 - 37% - 40% - 19:00
2 - 30% - 30% - 15:32
3 - 28% - 20% - 14:33
4 - 5% - 10% - 2:50
PP Forward
1 - 54% - 60% - 4:15
2 - 46% - 40% - 3:41
PP Defense
1 - 56% - 60% - 4:26
2 - 44% - 40% - 3:30
PK Forward
1 - 100% - 60% - 0:09
2 - 0% - 40% - 0:00
PK Defense
1 - 100% - 60% - 0:09
2 - 0% - 40% - 0:00
PK3 Forward
1 - 0% - 60%
2 - 0% - 40%
PK3 Defense
1 - 0% - 60%
2 - 0% - 40%
44 Forward
1 - 0% - 60%
2 - 0% - 40%
44 Defense
1 - 0% - 60%
2 - 0% - 40%
Last Minute Offensive - 0:00
Last Minute Defensive - 0:00
Total
Forward - 60:00
Defense - 60:00
|
% Time on Ice - Admirals
Lines # - Real PCT - Wanted PCT - Time Play
Normal Forward
1 - 34% - 40% - 17:38
2 - 32% - 30% - 16:35
3 - 19% - 20% - 10:05
4 - 15% - 10% - 7:37
Normal Defense
1 - 36% - 40% - 18:47
2 - 30% - 30% - 15:28
3 - 21% - 20% - 10:59
4 - 13% - 10% - 6:41
PP Forward
1 - 100% - 60% - 0:09
2 - 0% - 40% - 0:00
PP Defense
1 - 100% - 60% - 0:09
2 - 0% - 40% - 0:00
PK Forward
1 - 75% - 60% - 5:59
2 - 25% - 40% - 1:57
PK Defense
1 - 68% - 60% - 5:22
2 - 32% - 40% - 2:34
PK3 Forward
1 - 0% - 60%
2 - 0% - 40%
PK3 Defense
1 - 0% - 60%
2 - 0% - 40%
44 Forward
1 - 0% - 60%
2 - 0% - 40%
44 Defense
1 - 0% - 60%
2 - 0% - 40%
Last Minute Offensive - 0:00
Last Minute Defensive - 0:00
Total
Forward - 60:00
Defense - 60:00
|
Play-by-Play
1st period
0:01 of 1st period - Christian Dvorak wins face-off versus Mark McNeill in neutral zone.
0:09 of 1st period - Mikko Vainonen is hit by Josh Norris and loses puck.
0:34 of 1st period - Snap shot by Lucas Wallmark.
0:34 of 1st period - Stopped by Jake Allen with a rebound.
0:36 of 1st period - Slapshot by Reilly Walsh.
0:36 of 1st period - Shot Misses the Net.
0:38 of 1st period - Slapshot by Mattias Backman.
0:38 of 1st period - Stopped by Jake Allen without a rebound.
0:39 of 1st period - Barrett Hayton wins face-off versus Adam Lowry in Bears zone.
1:20 of 1st period - Snap shot by Vincent Dunn.
1:20 of 1st period - Stopped by Tristan Jarry without a rebound.
1:21 of 1st period - Christian Dvorak wins face-off versus Josh Norris in Admirals zone.
1:31 of 1st period - Off-side.
1:32 of 1st period - Sam Carrick wins face-off versus Lucas Wallmark in neutral zone.
1:37 of 1st period - Josh Wesley is hit by Sam Carrick and loses puck.
1:42 of 1st period - Snap shot by Joshua Leivo.
1:42 of 1st period - Shot Blocked by Lucas Wallmark.
1:44 of 1st period - Wrist shot by Sam Carrick.
1:44 of 1st period - Shot Blocked by Josh Wesley.
1:46 of 1st period - Snap shot by A.J. Jenks.
1:46 of 1st period - Stopped by Tristan Jarry without a rebound.
1:47 of 1st period - Josh Norris wins face-off versus Christian Dvorak in Admirals zone.
1:54 of 1st period - Snap shot by Josh Norris.
1:54 of 1st period - Shot Blocked by Gianluca Curcuruto.
1:56 of 1st period - Slapshot by Carl Dahlstrom.
1:56 of 1st period - Shot Misses the Net.
1:58 of 1st period - Snap shot by Hunter Shinkaruk.
1:58 of 1st period - Stopped by Jake Allen with a rebound.
2:00 of 1st period - Wrist shot by Carl Dahlstrom.
2:00 of 1st period - Stopped by Jake Allen without a rebound.
2:01 of 1st period - A.J. Jenks wins face-off versus Lucas Wallmark in Bears zone.
2:49 of 1st period - Carl Dahlstrom is hit by Vincent Dunn and loses puck.
4:06 of 1st period - Kerby Rychel is hit by Hunter Shinkaruk and loses puck.
4:51 of 1st period - T.J Brodie is hit by Gianluca Curcuruto and loses puck.
5:23 of 1st period - Off-side.
5:24 of 1st period - Josh Norris wins face-off versus Christian Dvorak in neutral zone.
5:48 of 1st period - Icing by Hunter Shinkaruk.
5:49 of 1st period - Gerald Mayhew wins face-off versus Sam Carrick in Admirals zone.
6:02 of 1st period - Reilly Walsh is hit by Joshua Leivo.
6:18 of 1st period - Slapshot by Hunter Shinkaruk.
6:18 of 1st period - Stopped by Jake Allen with a rebound.
6:50 of 1st period - Wrist shot by Barrett Hayton.
6:50 of 1st period - Stopped by Jake Allen without a rebound.
6:51 of 1st period - Sam Carrick wins face-off versus Lucas Wallmark in Bears zone.
6:56 of 1st period - Wrist shot by Joshua Leivo.
6:56 of 1st period - Shot Blocked by Lucas Wallmark.
6:58 of 1st period - Snap shot by Sam Carrick.
6:58 of 1st period - Shot Misses the Net.
7:00 of 1st period - Snap shot by A.J. Jenks.
7:00 of 1st period - Shot Misses the Net.
7:02 of 1st period - Slapshot by A.J. Jenks.
7:02 of 1st period - Stopped by Tristan Jarry with a rebound.
7:04 of 1st period - Snap shot by A.J. Jenks.
7:04 of 1st period - Shot Blocked by Grant Hutton.
7:06 of 1st period - Snap shot by Joshua Leivo.
7:06 of 1st period - Shot Blocked by Josh Wesley.
7:22 of 1st period - Wrist shot by Adam Lowry.
7:22 of 1st period - Goal by Adam Lowry - Bears : 1 - Admirals : 0.
7:23 of 1st period - Christian Dvorak wins face-off versus Josh Norris in neutral zone.
7:25 of 1st period - Off-side.
7:26 of 1st period - Josh Norris wins face-off versus Christian Dvorak in neutral zone.
7:31 of 1st period - Snap shot by Mark McNeill.
7:31 of 1st period - Stopped by Jake Allen with a rebound.
8:16 of 1st period - Wrist shot by Cole Smith.
8:16 of 1st period - Shot Misses the Net.
8:18 of 1st period - Slapshot by Mikko Vainonen.
8:18 of 1st period - Stopped by Tristan Jarry with a rebound.
8:20 of 1st period - Slapshot by Mikko Vainonen.
8:20 of 1st period - Shot Blocked by Lucas Wallmark.
8:22 of 1st period - Snap shot by Adam Lowry.
8:22 of 1st period - Stopped by Tristan Jarry without a rebound.
8:23 of 1st period - Josh Norris wins face-off versus Christian Dvorak in Admirals zone.
8:34 of 1st period - Wrist shot by Hunter Shinkaruk.
8:34 of 1st period - Shot Misses the Net.
9:13 of 1st period - Icing by Josh Wesley.
9:14 of 1st period - Lucas Wallmark wins face-off versus Sam Carrick in Admirals zone.
9:56 of 1st period - Snap shot by Joshua Leivo.
9:56 of 1st period - Stopped by Tristan Jarry without a rebound.
9:57 of 1st period - Mark McNeill wins face-off versus Christian Dvorak in Admirals zone.
10:04 of 1st period - Slapshot by Hunter Shinkaruk.
10:04 of 1st period - Stopped by Jake Allen without a rebound.
10:05 of 1st period - Christian Dvorak wins face-off versus Josh Norris in Bears zone.
10:17 of 1st period - Minor Penalty to Josh Norris for Hooking.
10:18 of 1st period - Christian Dvorak wins face-off versus Lucas Wallmark in Admirals zone.
10:56 of 1st period - Snap shot by Riley Barber.
10:56 of 1st period - Shot Misses the Net.
10:58 of 1st period - Snap shot by Riley Barber.
10:58 of 1st period - Shot Misses the Net.
11:00 of 1st period - Slapshot by Olli Juolevi.
11:00 of 1st period - Deflect By Gerald Mayhew.
11:00 of 1st period - Stopped by Jake Allen without a rebound.
11:01 of 1st period - Lucas Wallmark wins face-off versus Christian Dvorak in Bears zone.
12:17 of 1st period - Penalty to Josh Norris is over, Josh Norris is back on ice.
12:26 of 1st period - Wrist shot by Adam Lowry.
12:26 of 1st period - Shot Blocked by Kasper Bjorkqvist.
12:28 of 1st period - Slapshot by Austin Wuthrich.
12:28 of 1st period - Stopped by Tristan Jarry without a rebound.
12:29 of 1st period - Barrett Hayton wins face-off versus Adam Lowry in Admirals zone.
12:29 of 1st period - Barrett Hayton is hit by Adam Lowry.
12:37 of 1st period - Snap shot by Milos Kelemen.
12:37 of 1st period - Stopped by Jake Allen without a rebound.
12:38 of 1st period - Vincent Dunn wins face-off versus Milos Kelemen in Bears zone.
13:24 of 1st period - Wrist shot by Hunter Shinkaruk.
13:24 of 1st period - Stopped by Jake Allen with a rebound.
13:54 of 1st period - Slapshot by Cole Smith.
13:54 of 1st period - Shot Blocked by Gerald Mayhew.
13:56 of 1st period - Slapshot by Gianluca Curcuruto.
13:56 of 1st period - Stopped by Tristan Jarry without a rebound.
13:57 of 1st period - Josh Norris wins face-off versus Christian Dvorak in Admirals zone.
14:01 of 1st period - Icing by Hunter Shinkaruk.
14:02 of 1st period - Christian Dvorak wins face-off versus Josh Norris in Admirals zone.
14:03 of 1st period - Slapshot by Kerby Rychel.
14:03 of 1st period - Stopped by Tristan Jarry without a rebound.
14:04 of 1st period - Josh Norris wins face-off versus Christian Dvorak in Admirals zone.
14:04 of 1st period - Josh Norris is hit by Kerby Rychel.
14:26 of 1st period - Minor Penalty to Nicolas Aube-Kubel for Hooking.
14:27 of 1st period - Josh Norris wins face-off versus Kerby Rychel in Bears zone.
14:28 of 1st period - Snap shot by Mark McNeill.
14:28 of 1st period - Deflect By Hunter Shinkaruk.
14:28 of 1st period - Goal by Hunter Shinkaruk - Bears : 1 - Admirals : 1.
14:29 of 1st period - Josh Norris wins face-off versus Christian Dvorak in neutral zone.
14:54 of 1st period - Barrett Hayton is hit by Joshua Leivo and loses puck.
16:18 of 1st period - Snap shot by Josh Norris.
16:18 of 1st period - Stopped by Jake Allen without a rebound.
16:19 of 1st period - Barrett Hayton wins face-off versus Sam Carrick in Bears zone.
16:45 of 1st period - Kerby Rychel is hit by Mark McNeill.
17:11 of 1st period - Pavol Regenda is hit by Adam Lowry and loses puck.
17:26 of 1st period - Snap shot by Riley Barber.
17:26 of 1st period - Shot Misses the Net.
17:32 of 1st period - Slapshot by Mattias Backman.
17:32 of 1st period - Shot Misses the Net.
18:36 of 1st period - Wrist shot by Austin Wuthrich.
18:36 of 1st period - Shot Misses the Net.
18:38 of 1st period - Slapshot by Tommy Vannelli.
18:38 of 1st period - Stopped by Tristan Jarry with a rebound.
18:40 of 1st period - Slapshot by Mikko Vainonen.
18:40 of 1st period - Deflect By Austin Wuthrich.
18:40 of 1st period - Stopped by Tristan Jarry without a rebound.
18:41 of 1st period - Sam Carrick wins face-off versus Josh Norris in Admirals zone.
18:42 of 1st period - Snap shot by Joshua Leivo.
18:42 of 1st period - Shot Misses the Net.
18:44 of 1st period - Slapshot by Gianluca Curcuruto.
18:44 of 1st period - Stopped by Tristan Jarry with a rebound.
18:46 of 1st period - Snap shot by Joshua Leivo.
18:46 of 1st period - Shot Blocked by T.J Brodie.
18:48 of 1st period - Slapshot by Gianluca Curcuruto.
18:48 of 1st period - Shot Misses the Net.
19:02 of 1st period - Minor Penalty to Josh Norris for Hooking.
19:03 of 1st period - Kerby Rychel wins face-off versus Lucas Wallmark in Admirals zone.
19:04 of 1st period - Slapshot by Nicolas Aube-Kubel.
19:04 of 1st period - Stopped by Tristan Jarry without a rebound.
19:05 of 1st period - Christian Dvorak wins face-off versus Lucas Wallmark in Admirals zone.
Goals for this period are 1 for Bears vs 1 for Admirals.
Shots for this period are 14 for Bears vs 13 for Admirals.
2nd period
0:01 of 2nd period - Kerby Rychel wins face-off versus Lucas Wallmark in neutral zone.
0:14 of 2nd period - Wrist shot by Nicolas Aube-Kubel.
0:14 of 2nd period - Stopped by Tristan Jarry with a rebound.
1:02 of 2nd period - Penalty to Josh Norris is over, Josh Norris is back on ice.
1:03 of 2nd period - Off-side.
1:04 of 2nd period - Barrett Hayton wins face-off versus Adam Lowry in neutral zone.
1:11 of 2nd period - Slapshot by T.J Brodie.
1:11 of 2nd period - Shot Blocked by Emil Johansson.
1:13 of 2nd period - Slapshot by Olli Juolevi.
1:13 of 2nd period - Shot Blocked by Emil Johansson.
1:15 of 2nd period - Slapshot by T.J Brodie.
1:15 of 2nd period - Deflect By Barrett Hayton.
1:15 of 2nd period - Stopped by Jake Allen with a rebound.
1:17 of 2nd period - Slapshot by T.J Brodie.
1:17 of 2nd period - Deflect By Jacob Bryson.
1:17 of 2nd period - Stopped by Jake Allen without a rebound.
1:18 of 2nd period - Josh Norris wins face-off versus Christian Dvorak in Bears zone.
1:33 of 2nd period - Snap shot by Kerby Rychel.
1:33 of 2nd period - Shot Misses the Net.
1:50 of 2nd period - Icing by Gerald Mayhew.
1:51 of 2nd period - Sam Carrick wins face-off versus Lucas Wallmark in Admirals zone.
1:57 of 2nd period - Slapshot by Sam Carrick.
1:57 of 2nd period - Stopped by Tristan Jarry with a rebound.
1:59 of 2nd period - Snap shot by Joshua Leivo.
1:59 of 2nd period - Stopped by Tristan Jarry without a rebound.
2:00 of 2nd period - Sam Carrick wins face-off versus Josh Norris in Admirals zone.
2:11 of 2nd period - Mark McNeill is hit by Michael Prapavessis.
2:25 of 2nd period - Wrist shot by A.J. Jenks.
2:25 of 2nd period - Shot Misses the Net.
2:27 of 2nd period - Slapshot by A.J. Jenks.
2:27 of 2nd period - Stopped by Tristan Jarry with a rebound.
2:29 of 2nd period - Snap shot by Sam Carrick.
2:29 of 2nd period - Shot Blocked by Reilly Walsh.
2:31 of 2nd period - Slapshot by Gianluca Curcuruto.
2:31 of 2nd period - Shot Blocked by Reilly Walsh.
2:33 of 2nd period - Snap shot by Joshua Leivo.
2:33 of 2nd period - Stopped by Tristan Jarry with a rebound.
2:35 of 2nd period - Slapshot by A.J. Jenks.
2:35 of 2nd period - Stopped by Tristan Jarry without a rebound.
2:36 of 2nd period - Josh Norris wins face-off versus Christian Dvorak in Admirals zone.
2:46 of 2nd period - Icing by Josh Norris.
2:47 of 2nd period - Christian Dvorak wins face-off versus Josh Norris in Admirals zone.
3:03 of 2nd period - Minor Penalty to Kerby Rychel for Holding.
3:04 of 2nd period - Josh Norris wins face-off versus Cole Smith in Bears zone.
3:04 of 2nd period - Wrist shot by Hunter Shinkaruk.
3:04 of 2nd period - Stopped by Jake Allen without a rebound.
3:05 of 2nd period - Josh Norris wins face-off versus Cole Smith in Bears zone.
3:08 of 2nd period - Snap shot by Mattias Backman.
3:08 of 2nd period - Shot Blocked by Cole Smith.
3:10 of 2nd period - Snap shot by Hunter Shinkaruk.
3:10 of 2nd period - Goal by Hunter Shinkaruk - Bears : 1 - Admirals : 2.
3:11 of 2nd period - Josh Norris wins face-off versus Christian Dvorak in neutral zone.
3:14 of 2nd period - Wrist shot by Hunter Shinkaruk.
3:14 of 2nd period - Shot Blocked by Mikko Vainonen.
3:16 of 2nd period - Slapshot by Reilly Walsh.
3:16 of 2nd period - Stopped by Jake Allen without a rebound.
3:17 of 2nd period - Kerby Rychel wins face-off versus Josh Norris in Bears zone.
3:22 of 2nd period - Snap shot by Mark McNeill.
3:22 of 2nd period - Shot Misses the Net.
3:52 of 2nd period - Snap shot by Gerald Mayhew.
3:52 of 2nd period - Shot Misses the Net.
4:01 of 2nd period - Icing by Mattias Backman.
4:02 of 2nd period - Sam Carrick wins face-off versus Barrett Hayton in Admirals zone.
4:35 of 2nd period - Snap shot by Kasper Bjorkqvist.
4:35 of 2nd period - Shot Misses the Net.
4:37 of 2nd period - Snap shot by Kasper Bjorkqvist.
4:37 of 2nd period - Stopped by Jake Allen without a rebound.
4:38 of 2nd period - Nicolas Aube-Kubel wins face-off versus Josh Norris in Bears zone.
5:05 of 2nd period - T.J Brodie is hit by Mikko Vainonen and loses puck.
5:27 of 2nd period - Snap shot by Austin Wuthrich.
5:27 of 2nd period - Stopped by Tristan Jarry without a rebound.
5:28 of 2nd period - Ruslan Iskhakov wins face-off versus Adam Lowry in Admirals zone.
5:54 of 2nd period - Gianluca Curcuruto is hit by Drew O'Connor and loses puck.
5:59 of 2nd period - Snap shot by Drew O'Connor.
5:59 of 2nd period - Shot Misses the Net.
6:01 of 2nd period - Slapshot by Drew O'Connor.
6:01 of 2nd period - Stopped by Jake Allen without a rebound.
6:02 of 2nd period - Christian Dvorak wins face-off versus Josh Norris in Bears zone.
6:02 of 2nd period - Christian Dvorak is hit by Hunter Shinkaruk.
6:16 of 2nd period - Wrist shot by Mark McNeill.
6:16 of 2nd period - Stopped by Jake Allen without a rebound.
6:17 of 2nd period - Sam Carrick wins face-off versus Lucas Wallmark in Bears zone.
6:52 of 2nd period - Josh Norris is hit by Jacob Bryson and loses puck.
7:51 of 2nd period - T.J Brodie is hit by Nicolas Aube-Kubel and loses puck.
8:26 of 2nd period - Off-side.
8:27 of 2nd period - Vincent Dunn wins face-off versus Barrett Hayton in neutral zone.
8:56 of 2nd period - Wrist shot by Christian Dvorak.
8:56 of 2nd period - Shot Blocked by Carl Dahlstrom.
9:16 of 2nd period - Slapshot by A.J. Jenks.
9:16 of 2nd period - Stopped by Tristan Jarry without a rebound.
9:17 of 2nd period - Lucas Wallmark wins face-off versus Sam Carrick in Admirals zone.
9:22 of 2nd period - Snap shot by T.J Brodie.
9:22 of 2nd period - Shot Misses the Net.
9:58 of 2nd period - Wrist shot by Sam Carrick.
9:58 of 2nd period - Shot Misses the Net.
10:10 of 2nd period - Snap shot by A.J. Jenks.
10:10 of 2nd period - Stopped by Tristan Jarry without a rebound.
10:11 of 2nd period - Christian Dvorak wins face-off versus Lucas Wallmark in Admirals zone.
10:14 of 2nd period - Slapshot by Nicolas Aube-Kubel.
10:14 of 2nd period - Deflect By Christian Dvorak.
10:14 of 2nd period - Stopped by Tristan Jarry without a rebound.
10:15 of 2nd period - Lucas Wallmark wins face-off versus Nicolas Aube-Kubel in Admirals zone.
11:29 of 2nd period - Riley Barber is hit by Joshua Leivo and loses puck.
11:52 of 2nd period - Carl Dahlstrom is hit by Christian Dvorak and loses puck.
12:05 of 2nd period - Josh Norris is hit by Austin Wuthrich.
13:07 of 2nd period - Snap shot by Riley Barber.
13:07 of 2nd period - Shot Misses the Net.
13:31 of 2nd period - Wrist shot by Kerby Rychel.
13:31 of 2nd period - Shot Misses the Net.
13:37 of 2nd period - Nicolas Aube-Kubel is hit by Mattias Backman.
13:53 of 2nd period - Wrist shot by Kasper Bjorkqvist.
13:53 of 2nd period - Stopped by Jake Allen with a rebound.
14:31 of 2nd period - Kerby Rychel is hit by Drew O'Connor and loses puck.
14:58 of 2nd period - Minor Penalty to Mark McNeill for Interference.
14:59 of 2nd period - Lucas Wallmark wins face-off versus Christian Dvorak in Admirals zone.
16:58 of 2nd period - Penalty to Mark McNeill is over, Mark McNeill is back on ice.
18:28 of 2nd period - Michael Prapavessis is hit by Mark McNeill and loses puck.
19:20 of 2nd period - Off-side.
19:21 of 2nd period - Adam Lowry wins face-off versus Ruslan Iskhakov in neutral zone.
Goals for this period are 0 for Bears vs 1 for Admirals.
Shots for this period are 10 for Bears vs 9 for Admirals.
3rd period
0:01 of 3rd period - Josh Norris wins face-off versus Nicolas Aube-Kubel in neutral zone.
0:03 of 3rd period - Off-side.
0:04 of 3rd period - Josh Norris wins face-off versus Christian Dvorak in neutral zone.
0:07 of 3rd period - Christian Dvorak is hit by Mark McNeill and loses puck.
0:32 of 3rd period - Snap shot by A.J. Jenks.
0:32 of 3rd period - Stopped by Tristan Jarry with a rebound.
0:34 of 3rd period - Wrist shot by Tommy Vannelli.
0:34 of 3rd period - Stopped by Tristan Jarry with a rebound.
0:36 of 3rd period - Backhand shot by Mikko Vainonen.
0:36 of 3rd period - Stopped by Tristan Jarry with a rebound.
0:38 of 3rd period - Slapshot by Sam Carrick.
0:38 of 3rd period - Stopped by Tristan Jarry with a rebound.
1:12 of 3rd period - Slapshot by Mattias Backman.
1:12 of 3rd period - Stopped by Jake Allen without a rebound.
1:13 of 3rd period - Ruslan Iskhakov wins face-off versus Vincent Dunn in Bears zone.
1:24 of 3rd period - Slapshot by Emil Johansson.
1:24 of 3rd period - Shot Misses the Net.
1:36 of 3rd period - Slapshot by Nikolay Prokhorkin.
1:36 of 3rd period - Shot Blocked by Riley Barber.
1:38 of 3rd period - Slapshot by Nikolay Prokhorkin.
1:38 of 3rd period - Deflect By Riley Barber.
1:38 of 3rd period - Stopped by Tristan Jarry with a rebound.
1:56 of 3rd period - Slapshot by Olli Juolevi.
1:56 of 3rd period - Stopped by Jake Allen with a rebound.
2:02 of 3rd period - Riley Barber is hit by Mikko Vainonen and loses puck.
2:15 of 3rd period - Wrist shot by Riley Barber.
2:15 of 3rd period - Goal by Riley Barber - Bears : 1 - Admirals : 3.
2:16 of 3rd period - Hunter Shinkaruk wins face-off versus Christian Dvorak in neutral zone.
2:32 of 3rd period - Wrist shot by Kerby Rychel.
2:32 of 3rd period - Shot Misses the Net.
2:42 of 3rd period - Michael Prapavessis is hit by Lucas Wallmark and loses puck.
3:51 of 3rd period - Snap shot by Kasper Bjorkqvist.
3:51 of 3rd period - Stopped by Jake Allen with a rebound.
4:03 of 3rd period - Barrett Hayton is hit by Jacob Bryson and loses puck.
4:12 of 3rd period - Snap shot by Kasper Bjorkqvist.
4:12 of 3rd period - Stopped by Jake Allen without a rebound.
4:13 of 3rd period - Christian Dvorak wins face-off versus Josh Norris in Bears zone.
4:20 of 3rd period - Josh Norris is hit by Christian Dvorak and loses puck.
4:43 of 3rd period - Mikko Vainonen is hit by Lucas Wallmark and loses puck.
4:52 of 3rd period - Tommy Vannelli is hit by Gerald Mayhew and loses puck.
5:13 of 3rd period - Snap shot by Cole Smith.
5:13 of 3rd period - Stopped by Tristan Jarry with a rebound.
5:45 of 3rd period - Wrist shot by Lucas Wallmark.
5:45 of 3rd period - Stopped by Jake Allen without a rebound.
5:46 of 3rd period - Lucas Wallmark wins face-off versus Christian Dvorak in Bears zone.
5:47 of 3rd period - Snap shot by Gerald Mayhew.
5:47 of 3rd period - Shot Blocked by Nicolas Aube-Kubel.
5:49 of 3rd period - Snap shot by Pavol Regenda.
5:49 of 3rd period - Shot Misses the Net.
5:51 of 3rd period - Slapshot by Josh Wesley.
5:51 of 3rd period - Deflect By Gerald Mayhew.
5:51 of 3rd period - Shot Blocked by Christian Dvorak.
5:51 of 3rd period - Puck is out of play.
5:52 of 3rd period - Josh Norris wins face-off versus Christian Dvorak in Bears zone.
5:53 of 3rd period - Snap shot by Mark McNeill.
5:53 of 3rd period - Shot Misses the Net.
6:31 of 3rd period - Wrist shot by Gerald Mayhew.
6:31 of 3rd period - Stopped by Jake Allen with a rebound.
6:49 of 3rd period - Snap shot by Barrett Hayton.
6:49 of 3rd period - Stopped by Jake Allen without a rebound.
6:50 of 3rd period - Christian Dvorak wins face-off versus Josh Norris in Bears zone.
6:50 of 3rd period - Christian Dvorak is hit by Hunter Shinkaruk.
7:26 of 3rd period - Wrist shot by T.J Brodie.
7:26 of 3rd period - Stopped by Jake Allen with a rebound.
7:28 of 3rd period - Snap shot by Barrett Hayton.
7:28 of 3rd period - Shot Blocked by Mikko Vainonen.
7:32 of 3rd period - Slapshot by Barrett Hayton.
7:32 of 3rd period - Stopped by Jake Allen with a rebound.
7:44 of 3rd period - Mikko Vainonen is hit by Lucas Wallmark and loses puck.
8:09 of 3rd period - Michael Prapavessis is hit by Riley Barber and loses puck.
8:39 of 3rd period - Michael Prapavessis is hit by Barrett Hayton.
8:57 of 3rd period - Minor Penalty to Barrett Hayton for Slashing.
8:58 of 3rd period - Christian Dvorak wins face-off versus Lucas Wallmark in Admirals zone.
8:59 of 3rd period - Snap shot by Kerby Rychel.
8:59 of 3rd period - Stopped by Tristan Jarry with a rebound.
9:09 of 3rd period - Wrist shot by Gianluca Curcuruto.
9:09 of 3rd period - Stopped by Tristan Jarry with a rebound.
9:27 of 3rd period - Snap shot by Sam Carrick.
9:27 of 3rd period - Shot Blocked by Mattias Backman.
9:29 of 3rd period - Snap shot by Joshua Leivo.
9:29 of 3rd period - Shot Misses the Net.
10:09 of 3rd period - T.J Brodie is hit by Sam Carrick and loses puck.
10:57 of 3rd period - Penalty to Barrett Hayton is over, Barrett Hayton is back on ice.
11:23 of 3rd period - Snap shot by Hunter Shinkaruk.
11:23 of 3rd period - Shot Misses the Net.
11:37 of 3rd period - Wrist shot by Logan O'Connor.
11:37 of 3rd period - Shot Misses the Net.
11:59 of 3rd period - Snap shot by Vincent Dunn.
11:59 of 3rd period - Stopped by Tristan Jarry with a rebound.
12:05 of 3rd period - Nikolay Prokhorkin is hit by Hunter Shinkaruk and loses puck.
12:10 of 3rd period - Slapshot by Hunter Shinkaruk.
12:10 of 3rd period - Shot Blocked by Emil Johansson.
12:14 of 3rd period - Slapshot by Hunter Shinkaruk.
12:14 of 3rd period - Shot Misses the Net.
12:16 of 3rd period - Snap shot by Barrett Hayton.
12:16 of 3rd period - Stopped by Jake Allen with a rebound.
12:18 of 3rd period - Slapshot by T.J Brodie.
12:18 of 3rd period - Shot Misses the Net.
12:20 of 3rd period - Slapshot by T.J Brodie.
12:20 of 3rd period - Deflect By Jacob Bryson.
12:20 of 3rd period - Stopped by Jake Allen with a rebound.
12:24 of 3rd period - Snap shot by Hunter Shinkaruk.
12:24 of 3rd period - Shot Blocked by Nikolay Prokhorkin.
12:26 of 3rd period - Snap shot by T.J Brodie.
12:26 of 3rd period - Stopped by Jake Allen with a rebound.
13:04 of 3rd period - Backhand shot by Hunter Shinkaruk.
13:04 of 3rd period - Shot Misses the Net.
13:06 of 3rd period - Snap shot by T.J Brodie.
13:06 of 3rd period - Stopped by Jake Allen without a rebound.
13:07 of 3rd period - Lucas Wallmark wins face-off versus Christian Dvorak in Bears zone.
13:14 of 3rd period - Snap shot by Lucas Wallmark.
13:14 of 3rd period - Stopped by Jake Allen without a rebound.
13:15 of 3rd period - Lucas Wallmark wins face-off versus Christian Dvorak in Bears zone.
13:33 of 3rd period - Slapshot by Mattias Backman.
13:33 of 3rd period - Shot Misses the Net.
13:35 of 3rd period - Slapshot by Mattias Backman.
13:35 of 3rd period - Shot Misses the Net.
13:37 of 3rd period - Snap shot by Gerald Mayhew.
13:37 of 3rd period - Stopped by Jake Allen without a rebound.
13:38 of 3rd period - Ruslan Iskhakov wins face-off versus Sam Carrick in Bears zone.
13:39 of 3rd period - Snap shot by Riley Barber.
13:39 of 3rd period - Stopped by Jake Allen with a rebound.
14:13 of 3rd period - Snap shot by Nicolas Aube-Kubel.
14:13 of 3rd period - Stopped by Tristan Jarry with a rebound.
18:12 of 3rd period - Michael Prapavessis is hit by Ruslan Iskhakov and loses puck.
19:09 of 3rd period - Wrist shot by Austin Wuthrich.
19:09 of 3rd period - Shot Blocked by Olli Juolevi.
19:11 of 3rd period - Slapshot by Tommy Vannelli.
19:11 of 3rd period - Stopped by Tristan Jarry with a rebound.
19:17 of 3rd period - Slapshot by Cole Smith.
19:17 of 3rd period - Shot Blocked by Olli Juolevi.
19:19 of 3rd period - Wrist shot by Cole Smith.
19:19 of 3rd period - Shot Misses the Net.
19:21 of 3rd period - Slapshot by Jacob Bryson.
19:21 of 3rd period - Shot Misses the Net.
Goals for this period are 0 for Bears vs 1 for Admirals.
Shots for this period are 11 for Bears vs 17 for Admirals.